 Dungeon Crawl Stone Soup version 0.28-a0-533-g9f97627e2a (webtiles) character file.

Game seed: 7298317054391722376

256 jasper the Gusty (level 5, -10/35 HPs)
             Began as a Demonspawn Air Elementalist on Sept 25, 2021.
             Was an Initiate of Sif Muna.
             Killed by divine providence
             ... invoked by an orc priest
              (17 damage)
             ... on level 4 of the Dungeon.
             The game lasted 00:05:38 (4671 turns).

jasper the Gusty (Demonspawn Air Elementalist)      Turns: 4671, Time: 00:05:39

Health: -10/35     AC:  5    Str:  8    XL:     5   Next: 92%
Magic:  0/10       EV: 16    Int: 18    God:    Sif Muna [......]
Gold:   64         SH:  0    Dex: 13    Spells: 1/11 levels left

rFire   . . .      SeeInvis .   g - +1 short sword
rCold   . . .      Faith    .   (no shield)
rNeg    + . .      Spirit   .   a - +0 robe
rPois   .          Reflect  .   (no helmet)
rElec   .          Harm     .   (no cloak)
rCorr   .          Rampage  .   (no gloves)
Will    .....                   o - +0 pair of boots
Stlth   ++........              (no amulet)
HPRegen 0.11/turn               i - ring of positive energy
MPRegen 0.12/turn               u - +4 ring of evasion

@: no status effects
A: claws 1, molten scales 1, foul stench 2
a: Renounce Religion


You were on level 4 of the Dungeon.
You worshipped Sif Muna.
Sif Muna was noncommittal.
You visited 2 branches of the dungeon, and saw 5 of its levels.
You also visited: Sewer.

You collected 220 gold pieces.
You spent 156 gold pieces at shops.

Inventory:

Hand Weapons
 g - a +1 short sword (weapon)
Missiles
 b - 7 poisoned darts
 f - 99 stones
Armour
 a - a +0 robe (worn)
 o - a +0 pair of boots (worn)
Jewellery
 i - a ring of positive energy (left claw)
 u - a +4 ring of evasion (right claw)
Scrolls
 c - a scroll of teleportation
 q - 2 scrolls of blinking
 r - a scroll of enchant weapon
 t - a scroll of fog {unknown}
Potions
 d - 2 potions of haste
 e - a potion of brilliance
 h - a potion of berserk rage {unknown}
 j - 2 potions of curing
 k - 3 potions of cancellation {unknown}
 l - a potion of lignification
 m - 2 potions of ambrosia {unknown}
 n - a potion of might {unknown}
 p - 3 potions of resistance {unknown}
 s - a potion of heal wounds


   Skills:
 - Level 1.7 Dodging
 - Level 1.7 Stealth
 + Level 3.5 Spellcasting
 + Level 3.3 Conjurations
 + Level 4.1 Air Magic
 + Level 1.4 Invocations


You had one spell level left.
You knew the following spells:

 Your Spells              Type           Power      Damage    Failure   Level
a - Shock                 Conj/Air       64%        1d7       3%          1
b - Static Discharge      Conj/Air       16%        N/A       4%          2
c - Swiftness             Air            17%        N/A       9%          3
d - Airstrike             Air            8%         N/A       28%         4

Your spell library contained the following spells:

 Spells                   Type           Power      Damage    Failure   Level


Dungeon Overview and Level Annotations

Branches:
Dungeon (4/15)             Temple (1/1) D:4           Sewer (visited)

Altars:
Cheibriados
Dithmenos
Elyvilon
Fedhas
Gozag
Nemelex Xobeh
Qazlal
Sif Muna
Trog
Uskayaw
Xom
Yredelemnul
Zin
The Shining One

Shops:
D:3 *


Innate Abilities, Weirdness & Mutations

You have sharp fingernails.
You are partially covered in molten scales. (AC +2)
You sometimes emit foul miasma when damaged in melee.


Message History

The zap misses the orc priest.
The adder hisses angrily.
You now have 3/10 mp.
Casting: Shock (safe; 3% risk of failure)
Confirm with . or Enter, or press ? or * to list all spells.
The adder is struck by an arc of lightning!
The adder is severely wounded.
The orc priest is struck by an arc of lightning.
The orc priest is moderately wounded.
The lightning grounds out.
The orc priest is struck by an arc of lightning.
The orc priest is heavily wounded.
The adder is struck by an arc of lightning.
You kill the adder!
Sif Muna accepts your kill.
The lightning grounds out.
The orc priest mumbles some strange prayers to Beogh against you.
Beogh smites you!
You take 10 damage, and have 25/35 hp.
MASSIVE DAMAGE!!
You now have 2/10 mp.
Casting: Static Discharge (safe; 4% risk of failure)
Confirm with . or Enter, or press ? or * to list all spells.
The orc priest is struck by an arc of lightning.
The orc priest is severely wounded.
You are struck by an arc of lightning.
The lightning grounds out.
The orc priest invokes the aid of Beogh against you.
Pain shoots through your body!
You take 5 damage, and have 20/35 hp.
You now have 0/10 mp.
You hit the orc priest.
The orc priest is almost dead.
The orc priest completely misses you.
You barely miss the orc priest.
The orc priest is almost dead.
The orc priest barely misses you.
The orc priest invokes the aid of Beogh against you.
Beogh smites you!
* * * LOW HITPOINT WARNING * * *
You take 13 damage, and have 7/35 hp.
MASSIVE DAMAGE!!
The orc priest invokes the aid of Beogh against you.
Beogh smites you!
You die...

..#.. #.## #....#
#..# ..#.. ##.#
... # #.## #.
#..## ..###.#
##..##
#.))..)####..#
#o....#.########
###@....##.....##
##..............##
#................#
#................#
#................#
#................#
#...........[....#
#................#
##..............##


You could see an orc priest.

Vanquished Creatures
  2 bullfrog skeletons (D:4)
  An iguana (D:4)
  A hound skeleton (D:4)
  A gnoll (D:1)
  6 adders
  2 river rats (Sewer)
  A white imp (D:4)
  2 dart slugs (D:1)
  2 worms (D:3)
  2 orcs (D:4)
  4 endoplasms
  A giant cockroach (D:3)
  4 goblins
  A hobgoblin (D:1)
  9 jackals
  3 kobolds
  A quokka (D:2)
  4 ball pythons
  5 bats
  7 frilled lizards
  16 rats
75 creatures vanquished.

Notes
Turn   | Place    | Note
-------+----------+-------------------------------------------
     0 | D:1      | jasper the Demonspawn Air Elementalist began the quest for
                  | the Orb.
     0 | D:1      | Reached XP level 1. HP: 13/13 MP: 3/3
   689 | D:1      | Gained mutation: You may rarely emit foul miasma when
                  | damaged in melee. [demonic ancestry]
   689 | D:1      | Reached XP level 2. HP: 16/19 MP: 0/5
   692 | D:1      | Learned a level 2 spell: Static Discharge
   825 | D:1      | Reached skill level 3 in Air Magic
  1014 | D:1      | Found a faded altar of an unknown god.
  1133 | D:1      | Gained mutation: You have sharp fingernails. [demonic
                  | ancestry]
  1133 | D:1      | Reached XP level 3. HP: 24/24 MP: 1/6
  1137 | D:1      | Learned a level 3 spell: Swiftness
  2794 | D:3      | Gained mutation: You sometimes emit foul miasma when
                  | damaged in melee. [demonic ancestry]
  2794 | D:3      | Reached XP level 4. HP: 30/30 MP: 2/8
  2928 | D:3      | Found a glowing drain.
  2933 | Sewer    | Entered a sewer
  3730 | D:3      | Gained mutation: You are partially covered in molten
                  | scales. (AC +2) [demonic ancestry]
  3730 | D:3      | Reached XP level 5. HP: 35/35 MP: 1/9
  3735 | D:3      | Learned a level 4 spell: Airstrike
  3823 | D:3      | Found Fikletaw's General Store.
  3831 | D:3      | Bought a potion of lignification for 36 gold pieces
  3831 | D:3      | Bought a potion of curing for 36 gold pieces
  3831 | D:3      | Bought a potion of heal wounds for 60 gold pieces
  3831 | D:3      | Bought a scroll of identify for 24 gold pieces
  4018 | D:3      | Noticed a sky beast
  4300 | D:4      | Found a staircase to the Ecumenical Temple.
  4306 | Temple   | Entered the Ecumenical Temple
  4380 | Temple   | Became a worshipper of Sif Muna the Loreminder
  4561 | D:4      | Reached skill level 4 in Air Magic
  4561 | D:4      | Reached skill level 1 in Invocations
  4671 | D:4      | Killed from afar by an orc priest

Illustrated notes

Levels and vault maps discovered:
D:1:      erik_arrival_triangle_large, layout_basic,
          shapermc_ecumenical_altar_notcrosses
D:2:      layout_loops_cross
D:3:      layout_loops_ring, tgw_kikubaaqudgha, lightli_sewer_entry_pipes,
          serial_shops, shop, nrook_mini_backslash
D:4:      layout_rooms, makhleb_altar_promises_db, minmay_temple_entry_tees,
          st_stairs_13, minmay_misc_feat_pillars
Temple:   jpeg_temple_clearing

Skill      XL: |  1  2  3  4  5 |
---------------+----------------+-----
Air Magic      | 3 4 |  4.1
Conjurations   | 2 3 |  3.3
Spellcasting   | 3 |  3.5
Invocations    | 1 |  1.4
Dodging        | |  1.7
Stealth        | |  1.7

Action                   |  1- 3 |  4- 6 || total
-------------------------+-------+-------++-------
Melee: Unarmed           |    10 |       ||    10
       Short sword       |     8 |     9 ||    17
 Cast: Shock             |    74 |    79 ||   153
       Static Discharge  |       |    11 ||    11
       Airstrike         |       |     1 ||     1
  Use: Scroll            |     3 |     5 ||     8
Armor: Robe              |     8 |     4 ||    12
Dodge: Dodged            |    28 |    15 ||    43

Table legend: (Time is in decaauts)
 A = Elapsed time spent in this place.
 B = Non-inter-level travel time spent in this place.
 C = Inter-level travel time spent in this place.
 D = Time resting spent in this place.
 E = Time spent auto-exploring this place.
 F = Levels seen in this place.
 G = Mean time per level.
                   A        B        C        D        E       F      G
               +--------+--------+--------+--------+--------+-----+--------+
         Total |   4739 |   4651 |     88 |    364 |   3792 |   6 |  789.8 |
       Dungeon |   3946 |   3885 |     61 |    364 |   3152 |   4 |  986.5 |
        Temple |     97 |     70 |     27 |      0 |     55 |   1 |   97.0 |
         Sewer |    695 |    695 |      0 |      0 |    585 |   1 |  695.0 |
               +--------+--------+--------+--------+--------+-----+--------+

Top non-repeatable levels by time:
     D:1: 1345 daAuts
     D:2: 1109 daAuts
     D:3: 952 daAuts
   Sewer: 695 daAuts
     D:4: 539 daAuts
  Temple: 97 daAuts
